 Dungeon Crawl Stone Soup version 0.21-a0-404-g291f19a (webtiles) character file.

155 tof the Slasher (level 5, -4/46 HPs)
             Began as a Minotaur Berserker on Oct 29, 2017.
             Was a Believer of Trog.
             Killed from afar by an orc wizard (11 damage)
             ... with a puff of flame
             ... on level 3 of the Dungeon.
             The game lasted 00:02:55 (1899 turns).

tof the Slasher (Minotaur Berserker)                Turns: 1899, Time: 00:02:55

Health: -4/46      AC:  2    Str: 23    XL:     5   Next: 14%
Magic:  3/3        EV: 13    Int:  4    God:    Trog [**....]
Gold:   102        SH:  0    Dex:  9    Spells: 4/4 levels left

rFire    . . .     SeeInvis .   g - +2 dagger (venom)
rCold    . . .     Gourm    .   (no shield)
rNeg     . . .     Faith    .   b - +0 animal skin
rPois    .         Spirit   .   (helmet restricted)
rElec    .         Reflect  .   (no cloak)
rCorr    .         Harm     .   (no gloves)
MR       +....                  (no boots)
Stlth    +.........             (no amulet)
HPRegen  0.15/turn              (no ring)
MPRegen  0.08/turn              (no ring)

@: no status effects
A: retaliatory headbutt, horns 2, low mp 1, magic resistance 1
a: Berserk, Trog's Hand, Burn Spellbooks, Renounce Religion


You were on level 3 of the Dungeon.
You worshipped Trog.
Trog was pleased with you.
You were not hungry.

You visited 1 branch of the dungeon, and saw 3 of its levels.

You collected 102 gold pieces.

Inventory:

Hand Weapons
 a - a +0 falchion
 g - a +2 dagger of venom (weapon)
Missiles
 i - 13 poisoned needles
 o - 8 tomahawks (quivered)
Armour
 b - a +0 animal skin (worn)
Scrolls
 d - a scroll of remove curse
 e - a scroll of identify
 j - 3 scrolls of teleportation
Potions
 f - a potion of might {unknown}
 l - a potion of haste {unknown}
 m - a potion of flight {unknown}
 n - a potion of heal wounds {unknown}
Comestibles
 c - 3 bread rations
 h - a royal jelly
 k - 2 chunks of flesh


   Skills:
 + Level 4.3 Fighting
 * Level 5.2 Long Blades
 + Level 1.5 Throwing
 + Level 3.4 Armour
 + Level 3.1 Dodging


You had 4 spell levels left.
You didn't know any spells.

Dungeon Overview and Level Annotations

Branches:
Dungeon (3/15)

Altars:
Ashenzari
Elyvilon
Yredelemnul


Innate Abilities, Weirdness & Mutations

You reflexively headbutt those who attack you in melee.
You have a pair of horns on your head.
Your magical capacity is low. (-10% MP)
You are resistant to hostile enchantments. (MR+)


Message History

You closely miss the orc.
The orc is almost dead.
The orc barely misses you.
An orc wizard comes into view. It is wielding a dagger.
You hit the orc.
You kill the orc!
Trog accepts your kill.
You hit the orc but do no damage.
The orc is poisoned.
You headbutt the orc, but do no damage. The orc hits you with a flail!
* * * LOW HITPOINT WARNING * * *
The orc wizard gestures wildly while chanting.
The orc wizard flickers and vanishes!
Deactivating autopickup; reactivate with Ctrl-A.
You completely miss the orc. You headbutt the orc.
You kill the orc!
Trog accepts your kill.
You hear some strange, mumbled words.
A puff of flame appears from out of thin air!
The puff of flame hits you!
You die...

#.######.# #.....<#.#
#.########.#
#..........#
#######....# . #....#
... #..).#
.....#############....##
#{)@)...............
#o################## #


You could see an orc.

Vanquished Creatures
  An orc priest (D:3)
  A worker ant (D:2)
  Robin (D:3)
  2 adders (D:2)
  A worm (D:2)
  3 dart slugs
  3 leopard geckos
  2 orcs (D:3)
  2 giant cockroaches (D:2)
  13 goblins
  6 hobgoblins
  7 kobolds
  A quokka (D:2)
  10 bats
  4 frilled lizards
  6 rats
63 creatures vanquished.

Notes
Turn   | Place    | Note
-------+----------+-------------------------------------------
     0 | D:1      | tof the Minotaur Berserker began the quest for the Orb.
     0 | D:1      | Reached XP level 1. HP: 19/19 MP: 0/0
   242 | D:1      | Reached XP level 2. HP: 22/27 MP: 1/1
   327 | D:1      | Reached skill level 4 in Long Blades
   700 | D:2      | Reached ** piety under Trog
   700 | D:2      | Reached XP level 3. HP: 32/33 MP: 2/2
   760 | D:2      | Found a white marble altar of Elyvilon.
   812 | D:2      | Found a shattered altar of Ashenzari.
   875 | D:2      | Reached skill level 1 in Throwing
  1070 | D:2      | Found a basalt altar of Yredelemnul.
  1187 | D:2      | Reached XP level 4. HP: 36/40 MP: 3/3
  1679 | D:3      | Noticed Robin
  1693 | D:3      | Killed Robin
  1736 | D:3      | Gained mutation: Your magical capacity is low. (-10% MP) [potion of mutation]
  1736 | D:3      | Gained mutation: You are resistant to hostile enchantments. (MR+) [potion of mutation]
  1836 | D:3      | Reached skill level 5 in Long Blades
  1891 | D:3      | Reached XP level 5. HP: 24/46 MP: 3/3
  1899 | D:3      | Killed from afar by an orc wizard

Vault maps used:
D:1:      wheals_arrival_linesprint
D:2:      kennysheep_ying_yang, nicolae_overflow_crystal_walls, first_bread
D:3:      minmay_misc_feat_cross, uniq_robin

Skill      XL: |  1  2  3  4 |
---------------+-------------+-----
Long Blades    | 4 5 |  5.2
Fighting       | 4 |  4.3
Throwing       | 1 |  1.5
Armour         | 3 |  3.4
Dodging        | 3 |  3.1

Action                   |  1- 3 |  4- 6 || total
-------------------------+-------+-------++-------
Melee: Falchion          |    15 |       ||    15
       Headbutt          |     6 |     5 ||    11
       Dagger            |    54 |    54 ||   108
Invok: Berserk           |       |     1 ||     1
  Use: Scroll            |       |     4 ||     4
       Potion            |       |     1 ||     1
 Stab: Sleeping          |     1 |       ||     1
  Eat: Chunk             |       |     4 ||     4
Armor: Animal skin       |    14 |     7 ||    21
Dodge: Dodged            |    52 |    36 ||    88
       Rpst.: Falchion   |     3 |       ||     3

Table legend:
 A = Spawn XP
 B = Non-spawn XP
 C = Spawn XP percentage of total XP
 D = Spawn monster count
 E = Non-spawn monster count
 F = Spawn count percentage of total count
 G = Total turns spent on level
                    A         B        C        D         E        F      G
               +---------+---------+-------+---------+---------+-------+---------
         Total |       0 |     222 |   0.0 |       0 |      63 |   0.0 |  1899
               +---------+---------+-------+---------+---------+-------+---------
           D:1 |       0 |      35 |   0.0 |       0 |      20 |   0.0 |   693
           D:2 |       0 |      97 |   0.0 |       0 |      23 |   0.0 |   981
           D:3 |       0 |      90 |   0.0 |       0 |      20 |   0.0 |   225
               +---------+---------+-------+---------+---------+-------+---------
